 Dungeon Crawl Stone Soup version 0.17-a0-2108-g65e8068 (webtiles) character file.

111 Ishikawa the Magician (level 4, -5/32 HPs)
             Began as a Mummy Wizard on Oct 19, 2015.
             Killed from afar by Natasha (7 damage)
             ... with a magic dart
             ... on level 2 of the Dungeon.
             The game lasted 00:07:03 (1352 turns).

Ishikawa the Magician (Mummy Wizard)                Turns: 1352, Time: 00:07:03

Health: -5/32      AC:  3    Str: 10    XL:     4   Next: 62%
Magic:  3/9        EV: 12    Int: 18    God:
Gold:   40         SH:  0    Dex: 10    Spells: 4 memorised, 1 level left

rFire  x . .     SeeInvis .     j - +0 mace
rCold  + . .     Clarity  .     i - +0 robe
rNeg   + + +     SustAt   .     (no shield)
rPois  ∞         Gourm    .     b - +0 hat
rElec  .         Spirit   .     (no cloak)
rCorr  .         Warding  .     h - +0 pair of gloves
rMut   .         Stasis   .     (no boots)
MR     .....                    (no amulet)
Stlth  ++........               (no ring)
                                d - ring of wizardry

@: very slightly contaminated, not resistant to hostile enchantments, unstealthy
A: no food or potions, fire vulnerability, cold resistance 1, negative energy
resistance 3, torment resistance, unbreathing
a: no special abilities


You were on level 2 of the Dungeon.
You were not hungry.

You visited 1 branch of the dungeon, and saw 2 of its levels.

You collected 40 gold pieces.

Inventory:

Hand Weapons
 e - a +0 dagger
 j - a +0 mace (weapon)
Armour
 b - a +0 hat (worn)
 h - a +0 pair of gloves (worn)
 i - a +0 robe (worn)
Jewellery
 d - a ring of wizardry (left hand)
Wands
 k - a wand of random effects (21)
Scrolls
 a - a scroll of enchant armour {unknown}
 f - a scroll of identify {unknown}
 g - a scroll of teleportation {unknown}
Books
 c - a book of Minor Magic

   Spells                             Type                      Level
   a - Magic Dart                     Conjuration                  1
   b - Blink                          Translocation                2
   c - Call Imp                       Summoning                    2
   d - Repel Missiles                 Charms/Air                   2
   e - Slow                           Hexes                        2
   f - Conjure Flame                  Conjuration/Fire             3
   g - Mephitic Cloud                 Conjuration/Poison/Air       3


   Skills:
 + Level 1.3 Fighting
 - Level 1.7 Dodging
 - Level 1.6 Stealth
 + Level 3.7 Spellcasting
 + Level 1.5 Conjurations
 + Level 1.4 Summonings
   Level 0.7 Translocations
 + Level 0.8 Air Magic
 + Level 1.0 Poison Magic


You had one spell level left.
You knew the following spells:

 Your Spells              Type           Power        Failure   Level  Hunger
a - Magic Dart            Conj           #...         4%          1    N/A
b - Call Imp              Summ           #.......     6%          2    N/A
c - Mephitic Cloud        Conj/Pois/Air  #.......     12%         3    N/A
d - Conjure Flame         Conj/Fire      #.......     14%         3    N/A

Dungeon Overview and Level Annotations

Branches:
Dungeon (2/15)

Altars:

Annotations:
D:2 Natasha


Innate Abilities, Weirdness & Mutations

You do not eat or drink.
Your flesh is vulnerable to fire.
You are immune to poison.
Your flesh is cold resistant.
You are immune to negative energy.
You are immune to unholy pain and torment.
You can survive without breathing.


Message History

Your magical contamination has completely faded away.
Things that are here:
a club; a hobgoblin corpse Natasha casts a spell at you.
The magic dart hits you!
* * * LOW HITPOINT WARNING * * *
Casting: Call Imp
Confirm with . or Enter, or press ? or * to list all spells.
Aiming: Mephitic Cloud
Press: ? - help, Shift-Dir - straight line, p - Natasha You miscast Mephitic Cloud.
You are very lightly contaminated with residual magic.
Wisps of poison gas drift from your hands.
Natasha casts a spell at you. The magic dart hits you!
* * * LOW HITPOINT WARNING * * *
Natasha mumbles some strange words.
Natasha stares at you and mumbles some strange words.
The magic dart hits you!
You die...

.. #.# #. #.# .## #.# ..#
#.# #.# #.# #.# #.## #.#
#... #.# #### # #@# # #.#
# #.# # #.# # #.######## #
#h.......#
################..#####.##
.)..........h.....#
#...########
######...#######..#
#.#.........


You could see Natasha.

Vanquished Creatures
  Ijyb (D:2)
  Natasha (twice) (D:2)
  3 worms (D:2)
  2 giant geckos
  4 giant cockroaches
  5 goblins
  5 hobgoblins
  6 bats (D:1)
  2 giant newts (D:1)
  7 kobolds
  A quokka (D:2)
  5 rats
43 creatures vanquished.

Notes
Turn   | Place    | Note
--------------------------------------------------------------
     0 | D:1      | Ishikawa the Mummy Wizard began the quest for the Orb.
     0 | D:1      | Reached XP level 1. HP: 13/13 MP: 4/4
   178 | D:1      | Reached XP level 2. HP: 2/19 MP: 0/6
   241 | D:1      | Learned a level 2 spell: Call Imp
   255 | D:1      | Reached skill level 1 in Conjurations
   948 | D:1      | Reached XP level 3. HP: 25/25 MP: 0/8
   954 | D:1      | Learned a level 3 spell: Mephitic Cloud
   958 | D:1      | Learned a level 3 spell: Conjure Flame
  1035 | D:2      | Noticed Ijyb
  1050 | D:2      | Killed Ijyb
  1050 | D:2      | Reached skill level 1 in Fighting
  1050 | D:2      | Reached skill level 1 in Summonings
  1109 | D:2      | Noticed Natasha
  1130 | D:2      | Killed Natasha
  1130 | D:2      | Reached XP level 4. HP: 32/32 MP: 4/9
  1184 | D:2      | Noticed Natasha
  1197 | D:2      | Killed Natasha
  1280 | D:2      | Reached skill level 1 in Poison Magic
  1298 | D:2      | Noticed Natasha
  1352 | D:2      | Killed from afar by Natasha

Vault maps used:
D:1:      lightli_iron_boxes
D:2:      okawaru_altar_gauntlet_db, uniq_iyjb, uniq_natasha

Action                   |  1- 3 |  4- 6 || total
-------------------------+-------+-------++-------
Melee: Dagger            |    35 |       ||    35
       Unarmed           |     5 |       ||     5
       Mace              |    28 |    20 ||    48
 Cast: Magic Dart        |    58 |    10 ||    68
       Mephitic Cloud    |     4 |     3 ||     7
       Call Imp          |       |     1 ||     1
 Stab: Confused          |     1 |       ||     1
       Sleeping          |     1 |       ||     1
